MrWarthog, chaotic female elven Priestess ####################### -------# #%..@..|# ##(|.<...|# ------ # |......######## ----------- |....| ### |.....|# -------- |...>......| |...%| # |.....|# ......| |...(......-#########......###### ### |.....-# |......| |..........| # ------ # # -----.-## +......| ----------- ### ###### # |(.....| # # # ##.......| ### #### # # |......| # # # ------------ # ### -------- ###-----------### ##-..........| # ------# #..........|# |..........| # |.|...# |.`........# |..........| ###|.%..| |.........| ------------ #-...!| ----------- ------ MrWarthog the Adept Experience level: 7 Strength: 9 Dexterity: 15 Constitution: 12 Intelligence: 10 Wisdom: 19 Charisma: 10 Health: 0(57) Energy: 106(106) Def: 7 Gold: 854 Moves: 4226 Dungeon seed: uY7lXVtW0rIGNZa3 Game ID: MrWarthog_1655060339 Your Inventory: Coins $ - 854 gold pieces Weapons a - a blessed +1 mace (weapon in hand) H - 12 uncursed +0 darts of detonation (in quiver) Armor e - an uncursed burnt +0 robe (being worn) n - an uncursed -1 pair of speed boots (being worn) q - an uncursed +1 pair of gauntlets of dexterity (being worn) r - an uncursed +0 leather armor (being worn) z - a blessed +1 orcish helm (being worn) Comestibles c - an uncursed clove of garlic I - an uncursed female lizard corpse R - an uncursed food ration Scrolls h - an uncursed scroll of confuse monster p - an uncursed scroll of fire v - an uncursed scroll of scare monster J - an uncursed scroll of light P - 2 uncursed scrolls of blank paper Q - a blessed scroll of blank paper S - an uncursed scroll of teleportation V - a blessed scroll of recall Potions b - a potion of holy water O - an uncursed potion of sickness Rings u - a blessed +4 ring of increase accuracy (on left hand) E - an uncursed ring of slow digestion Wands j - an uncursed wand of fire (0:3) K - an uncursed wand of digging (0:1) L - an uncursed wand of speed monster (0:3) Tools i - an uncursed leather drum l - an uncursed oil lamp (0:1322) x - an uncursed +0 pick-axe of aggravate monster D - an uncursed mirror X - an uncursed blindfold Gems y - an uncursed turquoise stone Spells and supernatural/magical abilities: Name Level Category Cost Memory p - protection 1 clerical 8pw 93% v - clairvoyance 3 divination 37pw 93% W - pray for help -- divine ? -- X - turn undead -- divine ? -- Your skills at the end: Fighting Skills wands [Basic] Weapon Skills mace [Expert] Spellcasting Skills clerical spells [Basic] Final Attributes: You were piously aligned. You were immune to sleep. You saw invisible. You had infravision. You had a +4 bonus to hit. You were very fast. Mars was noncommittal. You are dead. Vanquished creatures: 2 small mimics a forest centaur a lizard 4 bugbears a pony a fog cloud a yellow light 2 shriekers a violet fungus 7 gnome lords 6 gnomish wizards a black naga hatchling a gray ooze a paper golem 2 giant ants a little dog a kitten 8 dwarves a kobold lord 2 hill orcs 5 rothes a rabid rat a monkey a wererat a werejackal 3 iguanas 11 killer bees an acid blob 2 coyotes 4 hobbits a large kobold a brown mold a yellow mold a green mold 25 gnomes a gecko 7 jackals 2 goblins a sewer rat 5 grid bugs 7 newts 127 creatures vanquished. Voluntary challenges: You were an atheist. You used a wielded weapon 299 times, starting on turn 146. You read items or engraved 3 times, starting on turn 38. You never genocided any monsters. You never polymorphed an object. You never changed form. You used no wishes. You never split a pudding. You never wrote Elbereth's name. You never violated your personal moral code. Dungeon overview: The Dungeons of Doom: levels 1 to 8 Level 1 an altar to Venus, some fountains a long staircase Level 2 a sink Level 3 a general store, a fountain, a vault stairs to The Gnomish Mines Level 4 (vault) a wand shop, a sink, a vault Level 5 an altar to Venus, a fountain Level 6 a fountain Level 7 (closed shop) some fountains Level 8 <- You were here a throne The Gnomish Mines: levels 4 to 7 Level 4 stairs to The Dungeons of Doom Level 5 (holy water) Level 6 Level 7 some shops, a temple to Venus, some fountains History has recorded: On T:1 you entered the Dungeons of Doom to retrieve the Amulet of Yendor! On T:68 you reached level 2 of The Dungeons of Doom. On T:409 you reached level 3 of The Dungeons of Doom. On T:477 you reached level 1 of The Gnomish Mines. On T:513 you reached level 4 of The Dungeons of Doom. On T:693 you advanced to experience level 2. On T:902 you advanced to experience level 3. On T:972 you reached level 5 of The Dungeons of Doom. On T:1576 you advanced to experience level 4. On T:1865 you advanced to experience level 5. On T:2209 you reached level 2 of The Gnomish Mines. On T:2465 you advanced to experience level 6. On T:2610 you reached level 3 of The Gnomish Mines. On T:2861 you reached level 4 of The Gnomish Mines. On T:3260 you reached level 6 of The Dungeons of Doom. On T:3309 you reached level 7 of The Dungeons of Doom. On T:3509 you reached level 8 of The Dungeons of Doom. On T:3606 you advanced to experience level 7. Score breakdown: Gold: 854 ( 9973 points) Experience: 7 levels (13645 points) Exploration: 8 levels ( 16.67%) (11577 points) Discoveries: 12 items ( 4.14%) ( 6102 points) Valuables value: (no points given unless you survive) Artifact value: 0 ( 0 points) Variety of kills: 41 monsters ( 10.79%) ( 9854 points) Turncount: 4226 turns (-1106 points) Survival: died (score multiplied by 80%) Total score: 40036 Latest messages: You hit the forest centaur! The forest centaur hits! The forest centaur kicks! You hit the forest centaur! The forest centaur hits! The forest centaur kicks! The forest centaur hits! The forest centaur kicks! You hit the forest centaur! The forest centaur hits! The forest centaur kicks! The forest centaur wields a bow! The bow welds itself to the forest centaur's hand! The bolt of fire hits the forest centaur! The forest centaur is killed by the bolt of fire! The bolt of fire hits you! Your robe smoulders! One of your unlabeled scrolls catches fire and burns! Your scroll labeled KERNOD WEL catches fire and burns! You die... Final status: Goodbye MrWarthog the Priestess, killed by a bolt of fire... You died in The Dungeons of Doom on dungeon level 8 with 40036 points, and 854 pieces of gold, after 4226 moves. You were level 7 with a maximum of 57 hit points when you died.